 Dungeon Crawl Stone Soup version 0.29-a0-483-g69413ace17 (webtiles) character file.

Game seed: 16438938005992697103

2330 siradein the Skirmisher (level 9, -2/71 HPs)
             Began as a Demonspawn Fighter on May 26, 2022.
             Was a Follower of Makhleb.
             Slain by a killer bee (4 damage)
             ... on level 8 of the Dungeon.
             The game lasted 00:25:47 (8338 turns).

siradein the Skirmisher (Demonspawn Fighter)        Turns: 8338, Time: 00:25:48

Health: -2/71      AC: 16    Str: 21    XL:     9   Next: 19%
Magic:  12/12      EV:  6    Int:  9    God:    Makhleb [*.....]
Gold:   448        SH:  9    Dex: 13    Spells: 8/8 levels left

rFire   . . .      SeeInvis .   C - +1 broad axe (pain)
rCold   . . .      Faith    .   c - +0 buckler
rNeg    + + .      Spirit   .   b - +0 plate armour
rPois   .          Reflect  .   r - +1 helmet
rElec   .          Harm     .   q - +0 cloak
rCorr   .          Rampage  .   (no gloves)
Will    .....                   (no boots)
Stlth   ..........              (no amulet)
HPRegen 0.21/turn               w - ring of positive energy
MPRegen 0.13/turn               d - ring of positive energy

@: no status effects
A: hooves 2, large bone plates 1, powered by death 2
a: Renounce Religion


You were on level 8 of the Dungeon.
You worshipped Makhleb.
Makhleb was aware of your devotion.
You visited 2 branches of the dungeon, and saw 9 of its levels.

You collected 448 gold pieces.

Inventory:

Hand Weapons
 a - a +0 flail
 C - a +1 broad axe of pain (weapon)
Armour
 b - a +0 plate armour (worn)
 c - a +0 buckler (worn)
 q - a +0 cloak (worn)
 r - a +1 helmet (worn)
Jewellery
 d - a ring of positive energy (right hand)
 u - a ring of ice
 w - a ring of positive energy (left hand)
Wands
 x - a wand of flame (17)
 A - a wand of charming (4)
 B - a wand of polymorph (7)
Scrolls
 h - a scroll of enchant weapon
 i - 2 scrolls of fog
 k - 4 scrolls of teleportation
 l - 2 scrolls of fear
 m - 2 scrolls of amnesia {unknown}
 n - a scroll of acquirement {unknown}
 p - a scroll of blinking {unknown}
 s - 2 scrolls of immolation {unknown}
 y - a scroll of magic mapping {unknown}
 E - a scroll of identify
 F - a scroll of poison {unknown}
Potions
 e - a potion of lignification
 f - 2 potions of heal wounds {unknown}
 g - 2 potions of curing
 j - 3 potions of flight
 o - 3 potions of degeneration {unknown}
 t - a potion of resistance {unknown}
 v - a potion of magic {unknown}
 z - 2 potions of cancellation {unknown}
 D - a potion of mutation {unknown}


   Skills:
 + Level 6.6 Fighting
 + Level 5.6 Maces & Flails
 + Level 6.0 Armour
 + Level 6.0 Shields
 + Level 4.4 Invocations


You had 8 spell levels left.
You didn't know any spells.
Your spell library contained the following spells:

 Spells                   Type           Power      Damage    Failure   Level
 Beastly Appendage        Tmut           0%         N/A       100%        1
 Sublimation of Blood     Necr           0%         N/A       100%        2
 Wereblood                Tmut           0%         N/A       100%        2
 Spider Form              Tmut/Pois      0%         N/A       100%        3
 Summon Hydra             Summ           0%         N/A       100%        7


Dungeon Overview and Level Annotations

Branches:
Dungeon (8/15)             Temple (1/1) D:6
   Lair: D:8-11

Altars:
Ashenzari
Cheibriados
Dithmenos
Elyvilon
Fedhas
Hepliaklqana
Kikubaaqudgha
Makhleb
Okawaru
Qazlal
Sif Muna
Trog
Uskayaw
Wu Jian
Xom
Yredelemnul
Zin
The Shining One
Beogh

Shops:
D:3 :   D:6 =

Annotations:
D:3 3 runed translucent doors, Furrlo's ghost, amateur HOMo


Innate Abilities, Weirdness & Mutations

You have hoof-like feet.
You are partially covered in large bone plates. (SH +4)
You regenerate health from kills.


Message History

You are more poisoned.
The killer bee poisons you! The killer bee barely misses you.
The killer bee stings you but does no damage.
Unknown command.
You barely miss the killer bee. Your kick misses the killer bee.
The killer bee is moderately wounded.
You feel very sick.
The killer bee stings you but does no damage.
The killer bee barely misses you. x2
You slash the killer bee!
You kill the killer bee!
Makhleb accepts your kill.
You feel very sick. You block the killer bee's attack.
The killer bee stings you but does no damage.
You miss the killer bee. Your kick misses the killer bee.
You feel very sick. You block the killer bee's attack.
The killer bee stings you but does no damage. x2
You barely miss the killer bee. Your kick misses the killer bee.
You feel sick.
The killer bee stings you but does no damage.
You block the killer bee's attack.
The killer bee stings you but does no damage.
Unknown command.
Unknown command.
You barely miss the killer bee.
You feel sick. You block the killer bee's attack.
The killer bee barely misses you. x2
You slash the killer bee! Your kick misses the killer bee.
The killer bee is almost dead.
You feel sick.
The killer bee stings you but does no damage.
The killer bee barely misses you.
You barely miss the killer bee. Your kick misses the killer bee.
The killer bee is almost dead.
You feel sick.
You are no longer poisoned.
The killer bee stings you.
* * * LOW HITPOINT WARNING * * *
The killer bee stings you.
You die...

######...
#......#
#@####.#
##y#.yy.#
#.y..#
#..#....#
##..####.#
####........#
###
#......####..
..# #.##...#
#.# #.######
#.#


You could see 2 killer bees.

Vanquished Creatures
  3 water moccasins
  2 ice beasts
  A sky beast (D:6)
  A black bear (D:5)
  An orc warrior (D:8)
  2 phantoms (D:6)
  A bullfrog (D:8)
  2 scorpions
  2 killer bees (D:8)
  A howler monkey (D:7)
  4 hounds
  5 gnoll shamans
  4 jellies
  5 orc priests
  An iguana (D:5)
  5 orc wizards
  21 gnolls
  10 adders
  A shadow imp (D:6)
  2 dart slugs (D:3)
  24 orcs
  4 ball pythons
  10 endoplasms
  4 giant cockroaches
  5 hobgoblins
  8 jackals
  2 quokkas
  4 bats
  3 frilled lizards
  11 goblins
  3 kobolds
  17 rats
  A spectral orc (D:5)
170 creatures vanquished.

Vanquished Creatures (others)
  An orc wizard (D:3)
  47 plants
48 creatures vanquished.

Grand Total: 218 creatures vanquished

Notes
Turn   | Place    | Note
-------+----------+-------------------------------------------
     0 | D:1      | siradein the Demonspawn Fighter began the quest for the
                  | Orb.
     0 | D:1      | Reached XP level 1. HP: 18/18 MP: 1/1
   216 | D:1      | Gained mutation: You are partially covered in large bone
                  | plates. (SH +4) [demonic ancestry]
   216 | D:1      | Reached XP level 2. HP: 24/24 MP: 2/2
   605 | D:2      | Found a faded altar of an unknown god.
   726 | D:2      | Gained mutation: You have large cloven feet. [demonic
                  | ancestry]
   726 | D:2      | Reached XP level 3. HP: 29/29 MP: 3/3
  1719 | D:3      | Reached XP level 4. HP: 21/35 MP: 4/4
  2141 | D:3      | Found a runed translucent gate.
  2141 | D:3      | Found a runed translucent gate.
  2141 | D:3      | Found a runed translucent gate.
  2145 | D:3      | Identified the +4 ring mail "Atwuf" {rN+ Dex+2 Stlth+}
  2145 | D:3      | Noticed Furrlo's ghost (amateur HOMo)
  2658 | D:3      | Found Pacirumi's Book Boutique.
  3074 | D:4      | Noticed a scorpion
  3080 | D:3      | Killed a scorpion
  3081 | D:3      | Gained mutation: You have hoof-like feet. [demonic
                  | ancestry]
  3081 | D:3      | Reached XP level 5. HP: 39/42 MP: 5/5
  3603 | D:5      | Entered Level 5 of the Dungeon
  3622 | D:5      | Gained mutation: You regenerate a little health from kills.
                  | [demonic ancestry]
  3622 | D:5      | Reached XP level 6. HP: 39/48 MP: 6/6
  3752 | D:5      | Noticed an ice beast
  3772 | D:5      | Killed an ice beast
  4038 | D:5      | Noticed a water moccasin
  4128 | D:5      | Noticed a +0 dagger
  4128 | D:5      | Noticed a +0 hand axe
  4130 | D:5      | Found a hide-covered altar of Uskayaw.
  4140 | D:5      | Reached XP level 7. HP: 49/55 MP: 7/7
  4216 | D:5      | Reached skill level 5 in Fighting
  4308 | D:5      | Found an ornate altar of the Wu Jian Council.
  4312 | D:5      | Found a blossoming altar of Fedhas.
  4438 | D:5      | Found a basalt altar of Yredelemnul.
  4608 | D:6      | Found Ecsiamne's Jewellery Emporium.
  4963 | D:6      | Found a staircase to the Ecumenical Temple.
  5011 | D:6      | Reached skill level 5 in Shields
  5011 | D:6      | Reached XP level 8. HP: 30/63 MP: 8/8
  5016 | D:6      | Reached skill level 5 in Armour
  5276 | Temple   | Entered the Ecumenical Temple
  5420 | Temple   | Became a worshipper of Makhleb the Destroyer
  5720 | D:6      | Reached skill level 1 in Invocations
  6397 | D:6      | Reached skill level 5 in Maces & Flails
  7002 | D:7      | Reached * piety under Makhleb
  7462 | D:7      | Found a shimmering altar of Xom.
  7716 | D:8      | Noticed Maggie
  7717 | D:8      | Noticed Maggie
  7717 | D:8      | Maggie changed into Maggie the water moccasin
  7744 | D:7      | Killed Maggie the water moccasin
  7745 | D:7      | Gained mutation: You regenerate health from kills. [demonic
                  | ancestry]
  7745 | D:7      | Reached XP level 9. HP: 5/71 MP: 11/11
  7746 | D:7      | HP: 3/71 [poisoned by Maggie]
  8214 | D:8      | Found a broken altar of Ashenzari.
  8250 | D:8      | Found a shimmering blue altar of Sif Muna.
  8338 | D:8      | HP: 2/71 [killer bee (6)]
  8338 | D:8      | Slain by a killer bee

Illustrated notes

Levels and vault maps discovered:
D:1:      mainiacjoe_arrival_reflecting_pool, layout_rooms,
          minmay_rat_gold_closets
D:2:      kb_forest_paths, layout_basic, nicolae_ecumenical_oubliette
D:3:      wad_woods_pond, layout_loops_corners, serial_shops,
          nicolae_shop_crystal, biasface_ghost_orc_armoury, serial_park_tiny_1,
          grunt_ministairs_8
D:4:      layout_cave_pools, mainiacjoe_overflow_chevrons,
          grunt_decor_one_mirror
D:5:      layout_rooms, dancing_weapons_uskayaw, grunt_temple_overflow_diamond,
          yredelemnul_forgotten_temple_becter
D:6:      layout_basic, minmay_temple_entry_tees, serial_shops,
          nicolae_stop_n_shop_2
D:7:      layout_gridville, mainiacjoe_overflow_swirl
D:8:      layout_loops_cross, kennysheep_mini, overflow_temple_1_default,
          uniq_maggie, uniq_erica, uniq_psyche
Temple:   minmay_temple_curvy_loop

Skill      XL: |  1  2  3  4  5  6  7  8  9 |
---------------+----------------------------+-----
Maces & Flails | 2 3 4 5 |  5.6
Shields        | 3 4 5 6 |  6.0
Armour         | 3 4 5 6 |  6.0
Fighting       | 4 5 6 |  6.6
Invocations    | 3 4 |  4.4

Action                   |  1- 3 |  4- 6 |  7- 9 || total
-------------------------+-------+-------+-------++-------
Melee: Flail             |   131 |   151 |   342 ||   624
       Kick              |    10 |    36 |   100 ||   146
       Broad axe         |       |       |    31 ||    31
Evoke: Wand              |       |       |     1 ||     1
  Use: Scroll            |     4 |     1 |     2 ||     7
       Potion            |       |       |     5 ||     5
Armor: Scale mail        |    59 |     1 |       ||    60
       Chain mail        |       |    61 |       ||    61
       Plate armour      |       |    55 |   264 ||   319
       Skin              |       |       |    17 ||    17
Dodge: Dodged            |    44 |    47 |    94 ||   185
Block: Buckler           |    41 |    85 |   197 ||   323

Table legend: (Time is in decaauts)
 A = Elapsed time spent in this place.
 B = Non-inter-level travel time spent in this place.
 C = Inter-level travel time spent in this place.
 D = Time resting spent in this place.
 E = Time spent auto-exploring this place.
 F = Levels seen in this place.
 G = Mean time per level.
                   A        B        C        D        E       F      G
               +--------+--------+--------+--------+--------+-----+--------+
         Total |   8514 |   8310 |    204 |    843 |   5735 |   9 |  946.0 |
       Dungeon |   8344 |   8140 |    204 |    843 |   5620 |   8 | 1043.0 |
        Temple |    169 |    169 |      0 |      0 |    115 |   1 |  169.0 |
               +--------+--------+--------+--------+--------+-----+--------+

Top non-repeatable levels by time:
     D:6: 1914 daAuts
     D:3: 1440 daAuts
     D:7: 1400 daAuts
     D:2: 1125 daAuts
     D:4: 874 daAuts
     D:5: 694 daAuts
     D:1: 578 daAuts
     D:8: 316 daAuts
  Temple: 169 daAuts
